 Dungeon Crawl Stone Soup version 0.31-a0-716-gc7603755dd (webtiles) character file.

Game seed: 15422514365369216861

505255 cforsyth the Slayer (level 26, -8/196 HPs)
             Began as a Djinni Chaos Knight on Sept 11, 2023.
             Was the Champion of Hepliaklqana.
             Killed by the air
             ... invoked by a blizzard demon
              (22 damage)
             ... on level 3 of the Depths.
             The game lasted 02:30:08 (59213 turns).

cforsyth the Slayer (Djinni Chaos Knight)          Turns: 59213, Time: 02:30:08

Health: -8/196     AC:  7    Str: 18    XL:     26   Next: 62%
Gold:   8563       EV: 30    Int: 25    God:    Hepliaklqana [******] SH: 12 Dex: 17

rFire   + + +        L - +6 long sword of the Tooth {freeze, rC++ Int-2 Dex+4}
rCold   + + .        U - +0 kite shield {AC+3}
rNeg    + . .        G - +0 troll leather armour
rPois   ∞            O - +2 helmet {SInv}
rElec   +            i - +2 cloak
rCorr   .            W - +1 pair of gloves of Tenacity {Str+3}
SInv    +            (boots unavailable)
Will    +++++        v - amulet of the Four Winds {rN+ Will+++ Clar}
Stlth   +            H - ring of Gesy {rF+ EV+5 Int+3}
HPRegen 1.32/turn    c - ring of Rimixkur {rElec rC+ Str+4 SInv}
MPRegen 0.00/turn

%: clarity, infuse magic (-9 HP)
@: about to teleport, corroded, flying, very slightly contaminated, studying
Polearms
A: reduced essence, sickness immunity, fire resistance 2, cold vulnerability 1,
float, innate caster, HP casting, extra vitality 1, clumsy 1, wild magic 1,
MP-powered wands
}: 2/15 runes: decaying, gossamer
a: Renounce Religion, Recall Ancestor, Ancestor Identity, Transference, Idealise


You were on level 3 of the Depths.
You worshipped Hepliaklqana.
Hepliaklqana was exalted by your worship.
You visited 10 branches of the dungeon, and saw 45 of its levels.
You also visited: Sewer, Bailey, Gauntlet and Ice Cave.

You collected 9944 gold pieces.
You spent 1381 gold pieces at shops.

Inventory:

Hand Weapons
 L - the +6 long sword of the Tooth (weapon) {freeze, rC++ Int-2 Dex+4}
   (You found it on level 15 of the Dungeon)

   Int-2:     It affects your intelligence (-2).
   Dex+4:     It affects your dexterity (+4).
   rC++:      It greatly protects you from cold.
Armour
 i - a +2 cloak (worn)
 s - the +0 kite shield "Xoluxah" {rC+++ Will+++ Str-4 Int-3}
   (You bought it in a shop on level 2 of the Orcish Mines)

   Str-4:     It affects your strength (-4).
   Int-3:     It affects your intelligence (-3).
   rC+++:     It renders you almost immune to cold.
   Will+++:   It greatly increases your willpower.
 G - a +0 troll leather armour (worn)
 O - a +2 helmet of see invisible (worn)
 U - a +0 kite shield of protection (worn)
 W - the +1 pair of gloves of Tenacity (worn) {Str+3}
   (You found it in a Gauntlet)

   Str+3:     It affects your strength (+3).
Jewellery
 b - a ring of positive energy
 c - the ring of Rimixkur (right hand) {rElec rC+ Str+4 SInv}
   (Xom gifted it to you on level 7 of the Dungeon)

   [ring of see invisible]

   Str+4:     It affects your strength (+4).
   rC+:       It protects you from cold.
   rElec:     It insulates you from electricity.
   SInv:      It lets you see invisible.
 k - the ring "Mynlos" {*Corrode Fly rPois Will++ Dex+2}
   (You found it on level 14 of the Dungeon)

   [ring of flight]

   Dex+2:     It affects your dexterity (+2).
   rPois:     It protects you from poison Will++: It greatly increases your
   willpower.
   Fly:       It grants you flight.
   *Corrode:  It may corrode you when you take damage.
 m - the ring "Bopulur" {rCorr Int+3}
   (You found it on level 2 of the Dungeon)

   [ring of resist corrosion]

   Int+3:     It affects your intelligence (+3).
   rCorr:     It protects you from acid and corrosion.
 v - the amulet of the Four Winds (around neck) {rN+ Will+++ Clar}
   (You found it on level 15 of the Dungeon)

   [amulet of nothing]

   rN+:       It protects you from negative energy.
   Will+++:   It greatly increases your willpower.
   Clar:      It protects you from confusion, rage, mesmerisation and fear.
 w - the ring "Rorebbem" {rN+ rCorr Str+3 Dex+3 SInv}
   (You found it on level 1 of the Crypt)

   [ring of positive energy]

   Str+3:     It affects your strength (+3).
   Dex+3:     It affects your dexterity (+3).
   rN+:       It protects you from negative energy.
   SInv:      It lets you see invisible.
   rCorr:     It protects you from acid and corrosion.
 z - an amulet of regeneration
 H - the ring of Gesy (left hand) {rF+ EV+5 Int+3}
   (Xom gifted it to you on level 8 of the Dungeon)

   [ring of evasion]

   EV+5:      It affects your evasion (+5).
   Int+3:     It affects your intelligence (+3).
   rF+:       It protects you from fire.
 J - a +6 ring of intelligence
 M - the ring of Soapam {rF+ rCorr}
   (You found it on level 9 of the Dungeon)

   [ring of protection from fire]

   rF+:       It protects you from fire.
   rCorr:     It protects you from acid and corrosion.
 N - a ring of ice
 V - the ring "Beocaer" {Fire rPois Int+3 Stlth+}
   (You found it in a Gauntlet)

   [ring of fire]

   Fire:      It enhances your fire magic.
   Int+3:     It affects your intelligence (+3).
   rF+:       It protects you from fire.
   rC-:       It makes you vulnerable to cold.
   rPois:     It protects you from poison Stlth+: It makes you more stealthy.
 X - a ring of willpower
Wands
 d - a wand of polymorph (27)
 r - a wand of roots (27)
 y - a wand of digging (24)
 D - a wand of light (34)
 F - a wand of paralysis (36)
 P - a wand of flame (60)
 Z - a wand of mindburst (18)
Scrolls
 g - 18 scrolls of teleportation
 j - a scroll of silence {unknown}
 n - 3 scrolls of blinking
 u - 6 scrolls of fog
 x - 4 scrolls of revelation
 A - 8 scrolls of fear
 B - 7 scrolls of enchant armour
 E - 2 scrolls of butterflies
 R - 7 scrolls of immolation
 Y - a scroll of enchant weapon
Potions
 a - 2 potions of enlightenment
 e - 9 potions of haste
 f - 3 potions of invisibility
 h - 7 potions of brilliance
 l - 16 potions of curing
 o - 12 potions of mutation
 p - 7 potions of ambrosia
 q - 5 potions of cancellation
 t - 14 potions of lignification
 C - 4 potions of berserk rage
 I - a potion of heal wounds
 Q - a potion of resistance
 S - 7 potions of might
 T - 5 potions of attraction
Miscellaneous
 K - a sack of spiders


   Skills:
 + Level 26.3 Fighting
 - Level 2.6 Long Blades
 - Level 5.0 Armour
 + Level 23.1 Dodging
 - Level 10.0 Shields
 + Level 20.3 Spellcasting
 + Level 20.3 Conjurations
 + Level 20.3 Hexes
 + Level 20.3 Summonings
 + Level 20.3 Necromancy
 + Level 20.3 Translocations
 + Level 20.3 Transmutations
 + Level 20.3 Fire Magic
 + Level 20.3 Ice Magic
 + Level 20.3 Air Magic
 + Level 20.3 Earth Magic
 + Level 20.3 Poison Magic


You knew the following spells:

 Your Spells              Type           Power      Damage    Failure   Level
a - Kiss of Death         Conj/Necr      100%       2d13      1%          1
b - Jinxbite              Hex            100%       N/A       1%          2
c - Static Discharge      Conj/Air       100%       2-7/arc   1%          2
d - Olgreb's Toxic Radia  Pois           100%       N/A       1%          4
e - Passage of Golubria   Tloc           100%       N/A       1%          4
f - Fireball              Conj/Fire      52%        3d20      1%          5
g - Conjure Ball Lightni  Conj/Air       52%        3x3d18    1%          6
h - Haunt                 Necr/Summ      52%        N/A       1%          7
i - Spellforged Servitor  Conj/Summ      52%        N/A       1%          7
j - Summon Hydra          Summ           52%        N/A       1%          7
k - Ozocubu's Refrigerat  Ice            52%        4d19      1%          7
l - Disjunction           Tloc           52%        N/A       10%         8
Your spell library was empty.

Dungeon Overview and Level Annotations

Branches:
Dungeon (15/15)            Temple (1/1) D:5            Lair (5/5) D:8
  Swamp (4/4) Lair:3       Spider (4/4) Lair:2        Slime (0/5) Lair:5
    Orc (2/2) D:12            Elf (3/3) Orc:2        Vaults (4/5) D:14
  Crypt (3/3) Vaults:3       Tomb (0/3) Crypt:3      Depths (4/4) D:15
  Sewer (visited)          Bailey (visited)           IceCv (visited)
Gauntlet (visited)
    Zot: Depths:4

Altars:
Ashenzari
Cheibriados
Dithmenos
Elyvilon
Fedhas
Gozag
Hepliaklqana
Makhleb
Nemelex Xobeh
Okawaru
Qazlal
Ru
Trog
Uskayaw
Wu Jian
Xom
Yredelemnul
Zin
The Shining One
Jiyva
Lugonu

Shops:
D:7 =   Orc:1 (   Orc:2 ([(!   Elf:1 (   Elf:2 ?   Vaults:1 !   Vaults:2 (
Vaults:4 *   Depths:1 (((*

Portals:
Hell: Depths:1 Depths:2
Abyss: Lair:5 Depths:3 Depths:4
Pandemonium: Depths:2
Ziggurat: Depths:1
Trove: Depths:4 (give +4 shadow dragon scales)

Annotations:
Vaults:4 2 transporters
Depths:4 2 transporters, Qiwept's ghost, veteran BaIE


Innate Abilities, Weirdness & Mutations

Your life essence is reduced to manifest your ancestor. (-10% HP)
You are immune to sickness and miasma.
You are immune to poison.
Your flesh is very heat resistant. (rF++)
You are vulnerable to cold. (rC-)
You float through the air rather than walking.
You learn spells naturally, not from books.
Your magical power is your life essence.
You have superior vitality. (+4 MHP)
You are clumsy. (Dex -2)
Your spells are a little harder to cast, but a little more powerful.
You expend health (3 HP) to strengthen your wands.


Message History

Your eight-headed hydra completely misses the caustic shrike.
Your eight-headed hydra bites the caustic shrike!
The caustic shrike dies!
Your eight-headed hydra closely misses the caustic shrike.
Your eight-headed hydra misses the caustic shrike.
Your eight-headed hydra bites the caustic shrike!
Casting: Summon Hydra (mildly dangerous; 1% risk of failure)
Confirm with . or Enter, or press ? or * to list all spells.
An eight-headed hydra appears.
Your eight-headed hydra disappears in a puff of smoke!
Send 'em back where they came from!
Your eight-headed hydra disappears in a puff of smoke!
Casting: Summon Hydra (mildly dangerous; 1% risk of failure)
Confirm with . or Enter, or press ? or * to list all spells.
A four-headed hydra appears.
The caustic shrike claws you!!
* * * LOW HITPOINT WARNING * * *
You are splashed with acid!
* * * LOW HITPOINT WARNING * * *
The caustic shrike claws you!!
* * * LOW HITPOINT WARNING * * *
You are splashed with acid!
* * * LOW HITPOINT WARNING * * *
The caustic shrike claws you.
* * * LOW HITPOINT WARNING * * *
You are splashed with acid!
* * * LOW HITPOINT WARNING * * *
Blink to where?
Press: ? - help, Dir - move target
As you read the scroll of blinking, it crumbles to dust.
As you read the scroll of teleportation, it crumbles to dust.
You feel strangely unstable.
Okay, then.
Unknown command.
Press: ? - help, v - describe, . - travel The floor.
Unknown command.
The blizzard demon waves its arms in wide circles.
The air twists around and strikes you!!
You die...
Xom titters!

#.........##..
#.............
#............. .######
#...........##
.......###+###...2.........
#...........b..D.....# +#.
+............###.....# ...
# #............# #.....#
... # #........@b.##
##....# ... # #.........###
###..##..# # ##+####...#
#X...... ##### #....#...###
#.....≈≈ #...#
#....#.....## #......≈≈#
..<.# +....(......#
#+###..≈##
#...##########.....## ...≈#
######............## .#..≈≈
#........∩........# .#..≈##


You could see 2 caustic shrikes and a blizzard demon.

Vanquished Creatures
  Nikola (Spider:1)
  A walking crystal tome (Depths:4)
  Asterion (Depths:1)
  2 liches
  A titan (Vaults:2)
  2 deep elf master archers (Elf:3)
  2 deep elf blademasters (Elf:3)
  2 ancient champions
  2 sphinxes
  2 thorn hunters (Swamp:4)
  A draconian monk (Depths:4)
  4 tengu reavers
  4 fire giants
  5 frost giants
  A draconian scorcher (Depths:4)
  5 ghost moths
  4 deep elf sorcerers (Elf:3)
  2 emperor scorpions (Spider:4)
  7 vault wardens
  An orc warlord (Bailey)
  A caustic shrike zombie (Crypt:1)
  6 ghouls (Crypt:2)
  5 deep elf elementalists (Elf:3)
  4 spriggan defenders (Depths:2)
  4 war gargoyles
  8 ironbound preservers
  A reaper (Crypt:2)
  5 stone giants
  A caustic shrike skeleton (Crypt:3)
  A juggernaut skeleton (Crypt:1)
  4 ironbound thunderhulks
  5 very ugly things
  5 vampire knights
  Nessos (Lair:4)
  4 deep elf annihilators (Elf:3)
  A deep elf demonologist (Elf:3)
  A green draconian (Depths:4)
  3 spark wasps
  A yellow draconian (Depths:4)
  3 dire elephants
  A minotaur (Gauntlet)
  A purple draconian (Depths:4)
  3 deep elf death magi
  2 eidola (Crypt:1)
  10 jiangshi
  6 ettins
  Snorg (Lair:4)
  3 fire dragons
  5 yaktaur captains
  A spriggan zombie (Crypt:3)
  3 deep elf high priests
  11 hydras
  A hell beast (Depths:4)
  2 great orbs of eyes
  3 entropy weavers
  5 ice dragons
  4 jorogumos
  2 spriggan air magi
  5 two-headed ogres (D:12)
  2 alligators (Swamp:2)
  A radroach (Spider:1)
  7 ironbound frosthearts
  2 deep troll shamans
  5 dancing weapons
  A tengu warrior (D:13)
  2 centaur warriors
  6 boulder beetles
  2 death knights (Crypt:2)
  8 death scarabs (Spider:4)
  6 demonic crawlers
  A sphinx skeleton (Vaults:4)
  6 vampire magi
  The ghost of justen the Mimic, a novice OpSh of Ru (D:9)
  2 titan zombies
  4 death yaks (Lair:5)
  An orc high priest (Orc:2)
  A spectral emperor scorpion (Spider:4)
  A thrashing horror (Lair:5)
  A deep troll earth mage (Depths:4)
  4 spriggan berserkers
  16 deep elf knights
  3 hell knights (Crypt:3)
  3 iron trolls (Depths:4)
  2 soul eaters
  15 skeletal warriors
  A shadow wraith (Crypt:2)
  9 pharaoh ants
  3 sun moths (Spider:2)
  3 goliath frogs
  9 orb spiders
  3 spriggan druids
  An iron giant zombie (Crypt:3)
  2 glowing orange brains
  30 deep trolls
  A spectral wolf spider (Spider:4)
  A spectral jorogumo (Spider:4)
  A flayed ghost (Depths:1)
  6 swamp dragons (Swamp:4)
  2 deep elf archers (Elf:3)
  10 necromancers
  9 wizards
  3 steelbarb worms
  A bog body (Swamp:4)
  11 ironbound convokers
  A tengu zombie (Vaults:4)
  18 deep elf pyromancers
  14 wolf spiders
  2 orc knights
  A jorogumo zombie (Crypt:2)
  18 ugly things
  2 lindwurms
  An orc sorcerer (D:12)
  5 phantasmal warriors
  A wolf spider zombie (Spider:4)
  24 deep elf zephyrmancers
  4 cyclopes (D:12)
  2 stone giant zombies
  A manticore (D:11)
  A will-o-the-wisp (Swamp:3)
  5 moths of wrath
  12 nameless horrors
  11 elephants
  4 vault sentinels
  8 slime creatures
  A rust devil (Gauntlet)
  2 gargoyles (D:12)
  An alligator snapping turtle zombie (Crypt:3)
  4 torpor snails
  5 black mambas
  4 ice statues
  A spectral redback (Spider:4)
  2 orange demons
  7 cane toads
  4 rime drakes
  20 yaktaurs
  14 komodo dragons
  A redback zombie (Spider:4)
  An unseen horror (D:11)
  2 tengu conjurers
  9 freezing wraiths
  7 ice devils (D:11)
  3 spectral deep trolls (Crypt:1)
  A yaktaur (shapeshifter) (Elf:1)
  A red draconian skeleton (Crypt:1)
  A yaktaur skeleton (Vaults:4)
  6 trolls
  13 meliai
  3 polar bears
  17 hornets
  A tarantella (shapeshifter) (D:6)
  3 tyrant leeches
  4 bloated husks
  A moth of wrath zombie (Crypt:2)
  2 harpy zombies
  A queen bee (Spider:1)
  A tengu simulacrum (Vaults:4)
  A raiju (Lair:5)
  A guardian serpent zombie (Crypt:2)
  4 spectral jumping spiders (Spider:4)
  3 harpy skeletons
  22 tarantellas
  18 blink frogs
  2 tarantella zombies
  6 dream sheep (Lair:5)
  2 jumping spider zombies (Spider:4)
  A centaur simulacrum (Gauntlet)
  12 culicivoras
  22 jumping spiders
  26 flying skulls
  A shadow (D:7)
  A water elemental (Elf:1)
  16 spriggans
  2 air elementals (Elf:1)
  A black mamba zombie (Crypt:1)
  5 vampires
  A spriggan (shapeshifter) (Elf:1)
  3 small abominations (Lair:5)
  3 wyverns (D:7)
  A dire elephant simulacrum (IceCv)
  A fire elemental (D:12)
  7 basilisks
  A ynoxinul (Lair:5)
  4 wraiths
  59 yaks
  9 vampire mosquitoes
  A steam dragon (D:7)
  A human (shapeshifter) (D:15)
  34 redbacks
  A chaos spawn (Lair:5)
  3 wargs
  An acid dragon (D:9)
  6 swamp worms
  A hydra simulacrum (IceCv)
  A two-headed ogre skeleton (Crypt:1)
  A swamp drake (shapeshifter) (D:4)
  13 water moccasins
  A floating eye (shapeshifter) (Depths:1)
  2 hell hounds (D:13)
  2 sky beasts
  8 swamp drakes (Swamp:4)
  4 ice beasts
  A black bear (D:7)
  43 orc warriors
  An ice dragon simulacrum (Gauntlet)
  8 ogres
  An ettin simulacrum (Vaults:4)
  2 boggarts
  2 wolves (Lair:5)
  4 centaurs
  A swamp dragon skeleton (Crypt:1)
  2 kobold brigands
  A necrophage (Crypt:3)
  Blork the orc (D:4)
  A gnoll sergeant (D:7)
  13 bullfrogs
  A vine stalker zombie (Crypt:1)
  A human skeleton (Vaults:3)
  2 scorpions (D:6)
  A cane toad simulacrum (IceCv)
  A hornet simulacrum (Gauntlet)
  5 wights (D:9)
  26 killer bees
  3 howler monkeys
  21 orc priests
  3 sleepcaps
  2 iron imps (Gauntlet)
  6 iguanas
  18 orc wizards
  A polar bear simulacrum (IceCv)
  3 wolf simulacra (IceCv)
  A naga zombie (Crypt:2)
  A tengu skeleton (Crypt:2)
  Robin (D:3)
  15 gnolls
  12 adders
  5 river rats (Sewer)
  2 shadow imps
  12 white imps (Lair:4)
  6 ufetubi
  An iguana skeleton (Crypt:2)
  A worm (D:2)
  3 dart slugs
  90 orcs
  3 endoplasms
  3 giant cockroaches
  32 goblins
  21 hobgoblins
  A jackal (Sewer)
  12 kobolds
  A quokka (D:2)
  11 ball pythons
  A ball python zombie (Crypt:1)
  9 frilled lizards
  A kobold zombie (Crypt:2)
  11 rats
  A river rat skeleton (Crypt:1)
1417 creatures vanquished.

Vanquished Creatures (collateral kills)
  A dread lich (Crypt:3)
  A juggernaut (Depths:4)
  Sojobo (Depths:1)
  Saint Roka (Crypt:1)
  A caustic shrike (Depths:3)
  Margery (Vaults:4)
  Jory (Vaults:4)
  A golden dragon (Depths:1)
  2 bone dragons
  Mlioglotl (Swamp:2)
  2 liches (Crypt:3)
  A deep elf blademaster (Elf:2)
  2 sphinxes
  3 ancient champions
  A storm dragon (Depths:4)
  3 tengu reavers
  2 thorn hunters
  Donald (Elf:2)
  Roxanne (D:14)
  A revenant (Crypt:2)
  2 fire giants
  9 vault wardens
  An iron dragon (Depths:4)
  An emperor scorpion (Spider:2)
  2 deep elf sorcerers (Elf:3)
  A ghost moth (Spider:4)
  A deep elf elementalist (Elf:3)
  2 curse skulls
  3 orc warlords
  2 ghouls (Crypt:2)
  2 very ugly things
  A spriggan defender (Depths:2)
  Louise (D:15)
  4 ironbound thunderhulks
  4 stone giants
  2 formless jellyfish
  3 war gargoyles
  15 ironbound preservers
  5 vampire knights
  6 eleionomae
  3 deep elf demonologists (Elf:3)
  Azrael (D:13)
  2 spark wasps
  2 deep elf annihilators
  10 dire elephants
  3 bunyips
  5 crystal guardians
  2 fire dragons
  A green death (Gauntlet)
  9 jiangshi
  5 deep elf death magi
  An ettin (Vaults:1)
  4 yaktaur captains
  Josephine (D:14)
  2 entropy weavers
  2 great orbs of eyes
  7 hydras
  6 vault guards
  A ghost crab (Swamp:1)
  3 peacekeepers
  A catoblepas (Lair:5)
  3 ice dragons
  A spriggan air mage (Depths:4)
  3 two-headed ogres
  3 ironbound frosthearts
  8 alligators
  14 nameless horrors
  2 jorogumos
  5 death yaks
  8 centaur warriors (Vaults:1)
  A demonic crawler (Spider:1)
  3 boulder beetles
  A tengu warrior (Depths:1)
  2 deep troll earth magi
  A deep troll shaman (Crypt:1)
  3 vampire magi
  A death scarab (Spider:4)
  4 orc high priests
  2 spriggan berserkers (Swamp:4)
  2 titan zombies (Crypt:3)
  23 dancing weapons
  A thrashing horror (Lair:5)
  3 deep elf knights
  12 hell knights
  A pharaoh ant (Spider:2)
  19 skeletal warriors
  3 iron trolls
  Amaemon (Lair:3)
  3 spriggan druids
  A bunyip zombie (Crypt:3)
  21 deep trolls
  A sun moth (Spider:2)
  A death drake (shapeshifter) (D:15)
  3 goliath frogs
  2 orb spiders
  2 swamp dragons (Swamp:4)
  An obsidian statue (D:14)
  4 bog bodies
  15 slime creatures
  5 ironbound convokers
  2 spectral jorogumos (Spider:4)
  5 necromancers
  3 phantasmal warriors
  6 orc knights
  4 steelbarb worms
  2 lindwurms (Vaults:1)
  4 deep elf zephyrmancers
  2 deep elf pyromancers
  7 ugly things
  7 wolf spiders
  3 orc sorcerers (Orc:2)
  3 moths of wrath
  5 elephants
  3 large abominations (Lair:5)
  A frost giant skeleton (Vaults:4)
  A stone giant skeleton (Crypt:2)
  2 guardian serpents (Depths:1)
  2 black mambas
  A dire elephant zombie (Crypt:3)
  7 vault sentinels
  2 centaur zombies (Crypt:3)
  2 smoke demons (Lair:5)
  8 yaktaurs
  A cane toad (Lair:4)
  An efreet (D:14)
  A tengu conjurer (Depths:1)
  A yaktaur zombie (Vaults:3)
  A spectral deep troll (Crypt:1)
  A freezing wraith (Crypt:1)
  A bloated husk (Swamp:2)
  A troll (Orc:2)
  2 meliai
  4 tarantellas
  2 hornets
  5 tyrant leeches
  13 blink frogs
  A polar bear (Lair:4)
  2 raiju (Lair:5)
  A raiju (shapeshifter) (Lair:5)
  A spectral tarantella (Spider:4)
  A spectral jumping spider (Spider:4)
  3 culicivoras
  16 flying skulls
  4 jumping spiders
  A centaur simulacrum (Crypt:1)
  4 vampires
  3 ynoxinuls
  3 spriggans
  3 basilisks
  14 yaks
  6 wraiths
  13 redbacks
  4 vampire mosquitoes
  A chaos spawn (Lair:5)
  2 wargs (Orc:2)
  6 swamp worms
  4 water moccasins
  7 small abominations (Lair:5)
  A swamp drake (Swamp:4)
  14 orc warriors
  2 ogres (Orc:1)
  3 wolves (Lair:5)
  A blink frog zombie (Crypt:1)
  3 human zombies
  A bullfrog (Lair:1)
  3 killer bees
  An elephant simulacrum (IceCv)
  10 orc priests
  3 orc wizards
  A gnoll (D:3)
  13 orcs
  4 ball lightnings
631 creatures vanquished.

Vanquished Creatures (others)
  An entropy weaver (Vaults:1)
  An alligator (Swamp:1)
  3 yaktaurs
  4 bloated husks
  A jumping spider (Spider:1)
  A spriggan (Swamp:4)
  A fire elemental (D:13)
  2 vampire mosquitoes (Swamp:1)
  A boggart (Elf:1)
  21 knights
  A phantom (D:3)
  An ancestor (D:9)
  An adder (D:3)
  A kobold zombie (Sewer)
  91 ball lightnings
131 creatures vanquished.

Grand Total: 2179 creatures vanquished

Notes
Turn   | Place    | Note
-------+----------+-------------------------------------------
     0 | D:1      | cforsyth the Djinni Chaos Knight began the quest for the
                  | Orb.
     0 | D:1      | Reached XP level 1. HP: 20/20 MP: 0/0
    30 | D:1      | XOM: silly message
   123 | D:1      | XOM: silly message
   191 | D:1      | Reached XP level 2. HP: 25/25 MP: 0/0
   294 | D:1      | XOM: silly message
   334 | D:1      | Reached skill level 1 in Spellcasting
   334 | D:1      | Reached skill level 1 in Conjurations
   334 | D:1      | Reached skill level 1 in Hexes
   334 | D:1      | Reached skill level 1 in Summonings
   334 | D:1      | Reached skill level 1 in Necromancy
   334 | D:1      | Reached skill level 1 in Translocations
   334 | D:1      | Reached skill level 1 in Transmutations
   334 | D:1      | Reached skill level 1 in Fire Magic
   334 | D:1      | Reached skill level 1 in Ice Magic
   334 | D:1      | Reached skill level 1 in Air Magic
   334 | D:1      | Reached skill level 1 in Earth Magic
   334 | D:1      | Reached skill level 1 in Poison Magic
   411 | D:1      | XOM: 5-stop teleportation journey
   662 | D:1      | XOM: cloud trail
   701 | D:1      | XOM: divination: detect creatures
   851 | D:1      | XOM: noise
   968 | D:2      | Reached XP level 3. HP: 30/30 MP: 0/0
   968 | D:2      | Learned a level 1 spell: Kiss of Death
  1210 | D:2      | Found a faded altar of an unknown god.
  1286 | D:2      | XOM: summons 4 hostile shadow creatures
  1384 | D:2      | Identified the ring "Bopulur" {rCorr Int+3}
  1524 | D:3      | Noticed a phantom
  1526 | D:3      | Killed a phantom
  1526 | D:3      | XOM: divine lightning
  1557 | D:3      | XOM: scenery: create altars
  1561 | D:3      | XOM: 3-stop teleportation journey
  1580 | D:3      | Reached XP level 4. HP: 37/37 MP: 0/0
  1707 | D:3      | Found a glowing silver altar of Zin.
  1789 | D:3      | XOM: enchant monster (good)
  1804 | D:3      | Reached skill level 4 in Fighting
  2068 | D:3      | Noticed a black bear
  2103 | D:3      | XOM: god gift: short sword {god gift}
  2126 | D:3      | XOM: scenery: summon butterflies
  2403 | D:3      | Identified the +3 war axe of Ycuffeogh {flame, Contam rN+
                  | rCorr Dex+2}
  2525 | D:4      | Found a glowing drain.
  2538 | D:4      | XOM: divination: detect creatures
  2541 | D:4      | XOM: god gift: 24 gold pieces
  2545 | D:4      | Reached XP level 5. HP: 29/33 MP: 0/0
  2545 | D:4      | Learned a level 2 spell: Jinxbite
  2554 | D:4      | a worm changed into a shapeshifter
  2554 | D:4      | Noticed a shapeshifter (shapeshifter)
  2554 | D:4      | a shapeshifter changed into a hornet
  2554 | D:4      | Noticed a hornet (shapeshifter)
  2556 | D:4      | a hornet changed into a swamp drake
  2556 | D:4      | Noticed a swamp drake (shapeshifter)
  2560 | D:4      | Killed a swamp drake
  2561 | D:4      | Reached XP level 6. HP: 25/44 MP: 0/0
  2627 | D:4      | XOM: summons 1 hostile shadow creature
  2649 | D:4      | Noticed Blork the orc
  2652 | Sewer    | Entered a sewer
  2730 | Sewer    | XOM: divination: detect creatures
  2750 | Sewer    | Reached skill level 5 in Fighting
  3235 | Sewer    | XOM: divination: detect creatures
  3616 | D:4      | XOM: divination: magic mapping
  3623 | D:4      | Killed Blork the orc
  3624 | D:4      | Reached XP level 7. HP: 15/46 MP: 0/0
  3624 | D:4      | Learned a level 2 spell: Static Discharge
  4166 | D:4      | Noticed a water moccasin
  4169 | D:4      | XOM: potion effect (haste)
  4407 | D:3      | XOM: silly message
  4641 | D:4      | Noticed Robin
  4802 | D:3      | Killed Robin
  5103 | D:4      | Killed a water moccasin
  5104 | D:4      | Reached skill level 6 in Fighting
  5104 | D:4      | Reached skill level 1 in Shields
  5169 | D:4      | XOM: silly message
  5356 | D:4      | XOM: divination: magic mapping
  5376 | D:5      | Entered Level 5 of the Dungeon
  5560 | D:5      | XOM: silly message
  5573 | D:5      | XOM: potion effect (invisibility)
  5742 | D:5      | Reached XP level 8. HP: 26/56 MP: 0/0
  5765 | D:5      | XOM: divination: magic mapping
  5972 | D:5      | Found a staircase to the Ecumenical Temple.
  5991 | Temple   | Entered the Ecumenical Temple
  6169 | D:5      | XOM: cast spell 'Cause Fear'
  6231 | D:5      | XOM: fog
  6252 | D:5      | XOM: give mutation
  6252 | D:5      | Gained mutation: You possess an exceptional clarity of
                  | mind. [Xom's grace]
  6429 | D:6      | XOM: scenery: 1 doors open, 1 doors close
  6432 | D:6      | XOM: scenery: 1 doors open
  6562 | D:5      | Reached skill level 7 in Fighting
  6680 | D:5      | XOM: god gift: staff of death
  6760 | D:6      | XOM: divination: detect creatures
  6805 | D:6      | XOM: 3-stop teleportation journey
  6858 | D:6      | XOM: 8-stop teleportation journey
  6870 | D:6      | XOM: blink monster(s)
  6874 | D:6      | Reached XP level 9. HP: 35/68 MP: 0/0
  6874 | D:6      | Learned a level 4 spell: Olgreb's Toxic Radiance
  6875 | D:6      | XOM: polymorph ice beast -> shapeshifter
  6875 | D:6      | a shapeshifter changed into a tarantella
  6875 | D:6      | Noticed a tarantella (shapeshifter)
  6881 | D:6      | Killed a tarantella
  7034 | D:6      | Reached skill level 5 in Shields
  7061 | D:6      | XOM: summons 1 hostile shadow creature
  7074 | D:6      | Reached skill level 8 in Fighting
  7074 | D:6      | Reached skill level 5 in Spellcasting
  7074 | D:6      | Reached skill level 5 in Conjurations
  7074 | D:6      | Reached skill level 5 in Hexes
  7074 | D:6      | Reached skill level 5 in Summonings
  7074 | D:6      | Reached skill level 5 in Necromancy
  7074 | D:6      | Reached skill level 5 in Translocations
  7074 | D:6      | Reached skill level 5 in Transmutations
  7074 | D:6      | Reached skill level 5 in Fire Magic
  7074 | D:6      | Reached skill level 5 in Ice Magic
  7074 | D:6      | Reached skill level 5 in Air Magic
  7074 | D:6      | Reached skill level 5 in Earth Magic
  7074 | D:6      | Reached skill level 5 in Poison Magic
  7111 | D:6      | XOM: 5-stop teleportation journey
  7115 | D:6      | XOM: give mutation
  7115 | D:6      | Lost mutation: You possess an exceptional clarity of mind.
                  | [Xom's mischief]
  7225 | D:6      | XOM: confusion
  7403 | D:6      | You are sucked into a shaft and drop 1 floor!
  7526 | D:7      | XOM: blink monster(s)
  7531 | D:7      | XOM: 1-stop teleportation journey
  7540 | D:7      | XOM: noise
  7549 | D:7      | XOM: chaos cloud
  7554 | D:7      | XOM: cleaving
  7616 | D:7      | Reached skill level 9 in Fighting
  7660 | D:7      | XOM: 1-stop teleportation journey
  7663 | D:7      | XOM: 2-stop teleportation journey
  7670 | D:7      | XOM: smoke on damage
  7685 | D:7      | XOM: summons 3 hostile shadow creatures
  7708 | D:7      | Reached XP level 10. HP: 78/78 MP: 0/0
  7726 | D:7      | XOM: give mutation
  7726 | D:7      | Gained mutation: You are partially covered in iridescent
                  | scales. (AC +2) [Xom's mischief]
  7748 | D:7      | XOM: summons 6 hostile demons
  7749 | D:7      | Noticed a sun demon
  7775 | D:7      | XOM: confusion
  7779 | D:7      | XOM: summons 4 hostile shadow creatures
  7785 | D:7      | XOM: torment (14/78 hp)
  7925 | D:6      | XOM: give mutations
  7925 | D:6      | Gained mutation: You occasionally lose the ability to drink
                  | potions when taking damage. [Xom's mischief]
  7925 | D:6      | Gained mutation: You are mostly covered in iridescent
                  | scales. (AC +4) [Xom's mischief]
  7927 | D:7      | XOM: give mutation
  7927 | D:7      | Gained mutation: Your spells are a little easier to cast,
                  | but a little less powerful. [Xom's mischief]
  8260 | D:7      | XOM: 6-stop teleportation journey
  8417 | D:7      | Found Kinnovy's Jewellery Shoppe.
  8553 | D:8      | Found a staircase to the Lair.
  8554 | D:8      | XOM: summons friendly iron imp
  8562 | D:7      | XOM: cast spell 'Chain of Chaos'
  8789 | D:7      | Reached skill level 10 in Fighting
  8851 | D:7      | XOM: potion effect (might)
  8949 | D:7      | XOM: swap monsters
  9008 | D:8      | XOM: enchant monster (good)
  9191 | D:8      | Noticed a two-headed ogre
  9191 | D:8      | XOM: cast spell 'Death Channel'
  9205 | D:8      | XOM: enchant monster (good)
  9222 | D:7      | XOM: god gift: cloak {god gift}
  9256 | D:7      | XOM: summons 5 friendly demons
  9258 | D:7      | Killed a two-headed ogre
  9259 | D:7      | Reached skill level 11 in Fighting
  9259 | D:7      | Reached XP level 11. HP: 62/87 MP: 0/0
  9259 | D:7      | Learned a level 4 spell: Passage of Golubria
  9337 | D:7      | Identified the ring of Rimixkur {rElec rC+ Str+4 SInv} (Xom
                  | gifted it to you on level 7 of the Dungeon)
  9337 | D:7      | XOM: god gift: ring of Rimixkur {rElec rC+ Str+4 SInv}
  9338 | D:7      | XOM: scenery: 1 doors close
  9672 | D:8      | XOM: fog
  9757 | D:8      | XOM: enchant monster (bad)
  9953 | D:8      | XOM: give mutations
  9953 | D:8      | Gained mutation: Your movements are slightly less
                  | encumbered by armour. (ER -2) [Xom's mischief]
  9953 | D:8      | Gained mutation: You expend health (3 HP) to strengthen
                  | your wands. [Xom's mischief]
 10083 | D:8      | XOM: god gift: scorched pewter ring {god gift}
 10083 | D:8      | Identified the ring of Gesy {rF+ EV+5 Int+3} (Xom gifted it
                  | to you on level 8 of the Dungeon)
 10181 | D:8      | Found a shimmering altar of Xom.
 10182 | D:8      | Found a hazy altar of Hepliaklqana.
 10223 | D:8      | Fell from the grace of Xom
 10223 | D:8      | Became a worshipper of Hepliaklqana the Forgotten
 10654 | D:9      | Reached skill level 12 in Fighting
 10654 | D:9      | Reached XP level 12. HP: 73/96 MP: 0/0
 10655 | D:9      | Reached skill level 13 in Fighting
 10655 | D:9      | Reached XP level 13. HP: 80/103 MP: 0/0
 10655 | D:9      | Learned a level 5 spell: Fireball
 10820 | D:9      | Noticed a centaur warrior
 10822 | D:9      | Killed a centaur warrior
 10827 | D:9      | Found a flagged portal.
 10835 | Bailey   | Entered a bailey
 10861 | Bailey   | XOM: stat loss: -1 Int (20/21)
 10952 | Bailey   | XOM: torment (53/104 hp)
 11044 | Bailey   | Noticed an orc warlord
 11067 | Bailey   | Killed an orc warlord
 11068 | Bailey   | Reached skill level 14 in Fighting
 11110 | Bailey   | XOM: polymorph hobgoblin -> giant cockroach
 11526 | D:9      | Reached * piety under Hepliaklqana
 11596 | D:9      | Found a runed translucent door.
 11597 | D:9      | Noticed justen's ghost (novice OpSh)
 11670 | D:9      | Reached skill level 10 in Spellcasting
 11670 | D:9      | Reached skill level 10 in Conjurations
 11670 | D:9      | Reached skill level 10 in Hexes
 11670 | D:9      | Reached skill level 10 in Summonings
 11670 | D:9      | Reached skill level 10 in Necromancy
 11670 | D:9      | Reached skill level 10 in Translocations
 11670 | D:9      | Reached skill level 10 in Transmutations
 11670 | D:9      | Reached skill level 10 in Fire Magic
 11670 | D:9      | Reached skill level 10 in Ice Magic
 11670 | D:9      | Reached skill level 10 in Air Magic
 11670 | D:9      | Reached skill level 10 in Earth Magic
 11670 | D:9      | Reached skill level 10 in Poison Magic
 11795 | D:9      | XOM: give mutations
 11795 | D:9      | Gained mutation: You are frail. (-10% HP) [Xom's mischief]
 11795 | D:9      | Lost mutation: Your spells are a little easier to cast, but
                  | a little less powerful. [Xom's mischief]
 11795 | D:9      | Lost mutation: Your movements are slightly less encumbered
                  | by armour. (ER -2) [Xom's mischief]
 11962 | D:9      | Killed justen's ghost
 12010 | D:9      | Identified the ring of Soapam {rF+ rCorr}
 12042 | D:10     | Entered Level 10 of the Dungeon
 12161 | D:10     | Found a shadowy altar of Dithmenos.
 12173 | D:10     | XOM: summons 1 hostile demon
 12203 | D:10     | Found a bloodstained altar of Trog.
 12310 | D:10     | Found an iron altar of Okawaru.
 12319 | D:10     | XOM: give mutations
 12319 | D:10     | Gained mutation: You are clumsy. (Dex -2) [Xom's mischief]
 12319 | D:10     | Lost mutation: You occasionally lose the ability to drink
                  | potions when taking damage. [Xom's mischief]
 12319 | D:10     | Gained mutation: You are weak. (Str -2) [Xom's mischief]
 12319 | D:10     | Lost mutation: You are mostly covered in iridescent scales.
                  | (AC +4) [Xom's mischief]
 12393 | D:10     | XOM: give mutations
 12393 | D:10     | Lost mutation: You are partially covered in iridescent
                  | scales. (AC +2) [Xom's mischief]
 12393 | D:10     | Lost mutation: You are weak. (Str -2) [Xom's mischief]
 12393 | D:10     | Gained mutation: Your spells are a little harder to cast,
                  | but a little more powerful. [Xom's mischief]
 12492 | D:10     | Found the +7 staff of the Meek {protect, meekguard}
 12805 | D:10     | XOM: give mutation
 12805 | D:10     | Lost mutation: Your spells are a little harder to cast, but
                  | a little more powerful. [Xom's mischief]
 12990 | D:11     | Reached ** piety under Hepliaklqana
 12991 | D:11     | Remembered your ancestor Hori as a knight
 12995 | D:11     | Reached skill level 15 in Fighting
 13061 | D:11     | Reached XP level 14. HP: 66/91 MP: 0/0
 13084 | D:11     | Reached XP level 15. HP: 96/96 MP: 0/0
 13084 | D:11     | Learned a level 6 spell: Conjure Ball Lightning
 13364 | D:11     | XOM: draining
 13560 | D:11     | Reached skill level 16 in Fighting
 13887 | D:12     | XOM: 3-stop teleportation journey
 13923 | D:12     | Found a staircase to the Orcish Mines.
 13986 | D:12     | Reached *** piety under Hepliaklqana
 14343 | D:12     | XOM: noise
 14436 | D:12     | Found the +6 shillelagh "Devastator" {shatter}
 14439 | D:12     | XOM: noise
 14507 | D:12     | XOM: god gift: silver javelin
 14873 | Lair:1   | Entered Level 1 of the Lair of Beasts
 15194 | Lair:1   | Reached **** piety under Hepliaklqana
 15464 | Lair:1   | XOM: silly message
 15638 | Lair:2   | Found a hole to the Spider Nest.
 15641 | Lair:2   | Reached skill level 17 in Fighting
 16104 | Lair:2   | Reached ***** piety under Hepliaklqana
 16761 | Lair:3   | XOM: 1-stop teleportation journey
 16761 | Lair:3   | Was forgiven by Xom
 16858 | Lair:3   | Noticed Amaemon
 16869 | Lair:3   | Killed Amaemon
 16870 | Lair:3   | Reached XP level 16. HP: 74/104 MP: 0/0
 17169 | Lair:3   | Found a staircase to the Swamp.
 17488 | Lair:4   | Found a frozen archway.
 17491 | IceCv    | Entered an ice cave
 17637 | Lair:4   | Noticed Nessos
 17647 | Lair:4   | Killed Nessos
 17651 | Lair:4   | Found a gate leading to a gauntlet.
 17660 | Gauntlet | Entered a Gauntlet
 17660 | Gauntlet | Found a large runed translucent door.
 17660 | Gauntlet | Found a large runed translucent door.
 17660 | Gauntlet | Found a large runed translucent door.
 17660 | Gauntlet | Found a large runed translucent door.
 17660 | Gauntlet | Found a runed translucent door.
 17660 | Gauntlet | Found a large runed translucent door.
 17660 | Gauntlet | Found a large runed translucent door.
 17660 | Gauntlet | Found a transporter.
 17660 | Gauntlet | Found a transporter.
 17660 | Gauntlet | Found a large runed translucent door.
 17660 | Gauntlet | Found a large runed translucent door.
 17660 | Gauntlet | Found a runed translucent gate.
 17660 | Gauntlet | Found a runed translucent gate.
 17660 | Gauntlet | Found a transporter.
 17661 | Gauntlet | Found a transporter.
 17664 | Gauntlet | Found a transporter.
 17664 | Gauntlet | Found a transporter.
 17665 | Gauntlet | Found a runed translucent gate.
 17665 | Gauntlet | Found a runed translucent door.
 17674 | Gauntlet | Found a transporter.
 17678 | Gauntlet | Found a transporter.
 17688 | Gauntlet | Found a transporter.
 17693 | Gauntlet | Found a transporter.
 17712 | Gauntlet | Found a transporter.
 17716 | Gauntlet | Found a transporter.
 17762 | Gauntlet | Found a large runed translucent door.
 17762 | Gauntlet | Found a large runed translucent door.
 17762 | Gauntlet | Found a large runed translucent door.
 17762 | Gauntlet | Found a large runed translucent door.
 17763 | Gauntlet | Found a large runed translucent door.
 17763 | Gauntlet | Found a large runed translucent door.
 17764 | Gauntlet | Found a large runed translucent door.
 17764 | Gauntlet | Found a large runed translucent door.
 17994 | Gauntlet | Identified the ring "Beocaer" {Fire rPois Int+3 Stlth+}
 18024 | Gauntlet | Identified the +1 pair of gloves of Tenacity {Str+3}
 18047 | Gauntlet | Identified the +7 sling of Domination {heavy, Str+3}
 18047 | Gauntlet | Identified the +6 battleaxe "Coewk" {speed, rC+ Str-3
                  | Dex+4}
 18053 | Gauntlet | Reached skill level 18 in Fighting
 18131 | Lair:4   | Noticed Snorg
 18155 | Lair:4   | Killed Snorg
 18369 | Lair:4   | You are sucked into a shaft and drop 1 floor!
 18369 | Lair:5   | Entered Level 5 of the Lair of Beasts
 19337 | Lair:5   | Identified the +4 sling of Jidda {speed, Str+2}
 19825 | Lair:5   | Found a viscous altar of Jiyva.
 19825 | Lair:5   | Found a staircase to the Slime Pits.
 19927 | Lair:5   | Identified the +2 chain mail of Summer {Str+4 Dex+3 Slay+4}
 20233 | Lair:5   | Reached skill level 19 in Fighting
 20422 | Lair:5   | Reached skill level 10 in Dodging
 20459 | Lair:5   | Reached XP level 17. HP: 109/112 MP: 0/0
 20459 | Lair:5   | Learned a level 7 spell: Haunt
 20740 | Lair:5   | Found a corrupted altar of Lugonu.
 20740 | Lair:5   | Found a one-way gate to the infinite horrors of the Abyss.
 21151 | Orc:1    | Entered Level 1 of the Orcish Mines
 21313 | Orc:2    | Entered Level 2 of the Orcish Mines
 21313 | Orc:2    | Reached ****** piety under Hepliaklqana
 21725 | Orc:2    | Found Noupp's Antique Weapon Emporium.
 21727 | Orc:2    | Found Qeotilem's Antique Armour Shoppe.
 21740 | Orc:2    | Bought a slimy kite shield for 285 gold pieces
 21740 | Orc:2    | Identified the +0 kite shield "Xoluxah" {rC+++ Will+++
                  | Str-4 Int-3} (You bought it in a shop on level 2 of the
                  | Orcish Mines)
 21929 | Orc:2    | Found a staircase to the Elven Halls.
 22051 | Orc:2    | Found Yfunueri's Antique Weapon Emporium.
 22124 | Orc:2    | Found Quirr's Distillery.
 22201 | Orc:2    | Lost mutation: You expend health (3 HP) to strengthen your
                  | wands. [potion of mutation]
 22201 | Orc:2    | Lost mutation: You are frail. (-10% HP) [potion of
                  | mutation]
 22201 | Orc:2    | Gained mutation: Your spells are a little harder to cast,
                  | but a little more powerful. [potion of mutation]
 22201 | Orc:2    | Gained mutation: You expend health (3 HP) to strengthen
                  | your wands. [potion of mutation]
 22539 | Orc:1    | Found Ujois's Antique Weapon Shoppe.
 22635 | Orc:2    | Bought a faintly humming leather armour for 210 gold pieces
 22635 | Orc:2    | Identified the +1 leather armour of the Valley {Str+2} (You
                  | bought it in a shop on level 2 of the Orcish Mines)
 22635 | Orc:2    | Bought a steaming leather armour for 210 gold pieces
 22635 | Orc:2    | Identified the +0 leather armour of Classification {SInv}
                  | (You bought it in a shop on level 2 of the Orcish Mines)
 22642 | Orc:2    | Bought a shiny helmet for 225 gold pieces
 22642 | Orc:2    | Bought a pair of embroidered gloves for 225 gold pieces
 22770 | D:13     | Noticed Azrael
 23097 | D:13     | Killed Azrael
 23148 | D:13     | Identified the +1 sling of the Hawk {flame, rElec Int-5
                  | Stlth+}
 23178 | D:13     | Found a stormy altar of Qazlal.
 23665 | D:14     | Noticed Roxanne
 23676 | D:14     | Killed Roxanne
 24003 | D:14     | Noticed Josephine
 24015 | D:14     | Killed Josephine
 24284 | D:14     | Identified the ring "Mynlos" {*Corrode Fly rPois Will++
                  | Dex+2}
 24362 | D:14     | Found a gate to the Vaults.
 24616 | D:14     | Found a sparkling altar of Nemelex Xobeh.
 24647 | D:15     | Entered Level 15 of the Dungeon
 24689 | D:15     | Noticed Louise
 24704 | D:15     | Killed Louise
 24771 | D:15     | Identified the +6 long sword of the Tooth {freeze, rC++
                  | Int-2 Dex+4}
 24823 | D:15     | Found the amulet of the Four Winds {rN+ Will+++ Clar}
 25209 | D:15     | Found a staircase to the Depths.
 25417 | Spider:1 | Entered Level 1 of the Spider Nest
 25433 | Spider:1 | Reached XP level 18. HP: 99/134 MP: 0/0
 25510 | Spider:1 | Noticed Nikola
 25525 | Spider:1 | Killed Nikola
 25721 | Spider:1 | Reached skill level 20 in Fighting
 26371 | Spider:2 | Identified the ring "Hyjo" {Will+ MP+9}
 28187 | Spider:2 | Reached skill level 15 in Spellcasting
 28187 | Spider:2 | Reached skill level 15 in Conjurations
 28187 | Spider:2 | Reached skill level 15 in Hexes
 28187 | Spider:2 | Reached skill level 15 in Summonings
 28187 | Spider:2 | Reached skill level 15 in Necromancy
 28187 | Spider:2 | Reached skill level 15 in Translocations
 28187 | Spider:2 | Reached skill level 15 in Transmutations
 28187 | Spider:2 | Reached skill level 15 in Fire Magic
 28187 | Spider:2 | Reached skill level 15 in Ice Magic
 28187 | Spider:2 | Reached skill level 15 in Air Magic
 28187 | Spider:2 | Reached skill level 15 in Earth Magic
 28187 | Spider:2 | Reached skill level 15 in Poison Magic
 29920 | Spider:3 | Reached XP level 19. HP: 102/141 MP: 0/0
 29920 | Spider:3 | Learned a level 7 spell: Spellforged Servitor
 30036 | Spider:3 | Identified the +1 trident of the Riding Owl {drain, *Noise
                  | rElec rF+ Dex+5}
 30217 | Spider:4 | Entered Level 4 of the Spider Nest
 32736 | Spider:4 | Reached skill level 10 in Shields
 32978 | Spider:4 | Reached skill level 21 in Fighting
 33214 | Spider:4 | Got a gossamer rune of Zot
 33446 | Swamp:1  | Entered Level 1 of the Swamp
 34745 | Swamp:1  | Found a sparkling altar of Nemelex Xobeh.
 34972 | Swamp:2  | Reached skill level 15 in Dodging
 35007 | Swamp:2  | Reached XP level 20. HP: 137/149 MP: 0/0
 35146 | Swamp:2  | Noticed Mlioglotl
 35347 | Swamp:2  | Killed Mlioglotl
 36340 | Swamp:4  | Entered Level 4 of the Swamp
 36660 | Swamp:4  | HP: 1/149 [spriggan berserker/+0 vampiric war axe (26)]
 37493 | Swamp:4  | Identified the +6 chain mail of Rein {Rampage Will+}
 37789 | Swamp:4  | Got a decaying rune of Zot
 38058 | Vaults:1 | Entered Level 1 of the Vaults
 38069 | Vaults:1 | Identified the +12 glaive of Kismet {pain, rC+ Str+3 Int-2
                  | Dex+3 SInv}
 38529 | Vaults:1 | Reached skill level 22 in Fighting
 38744 | Vaults:1 | Found Ulyk's Distillery.
 38752 | Vaults:1 | Bought a potion of heal wounds for 90 gold pieces
 38961 | Vaults:1 | Reached XP level 21. HP: 74/156 MP: 0/0
 38961 | Vaults:1 | Learned a level 7 spell: Summon Hydra
 41182 | Vaults:2 | Found Haet's Weapon Emporium.
 41935 | Vaults:2 | Reached XP level 22. HP: 114/163 MP: 0/0
 42356 | Vaults:3 | Reached skill level 23 in Fighting
 42635 | Vaults:3 | Found a staircase to the Crypt.
 42684 | Vaults:3 | HP: 7/165 [yaktaur captain/bolt (18)]
 42918 | Vaults:3 | HP: 4/165 [crystal guardian[a peacekeeper] (14)]
 44843 | Vaults:4 | Noticed Margery
 44850 | Vaults:4 | Killed Margery
 44919 | Vaults:4 | Found a transporter.
 44919 | Vaults:4 | Found Ownitikk's Assorted Antiques.
 44922 | Vaults:4 | Found a transporter.
 45593 | Vaults:4 | Reached XP level 23. HP: 144/171 MP: 0/0
 45593 | Vaults:4 | Learned a level 7 spell: Ozocubu's Refrigeration
 45886 | Vaults:4 | Noticed Jory
 45902 | Vaults:4 | Killed Jory
 46236 | Elf:1    | Entered Level 1 of the Elven Halls
 46710 | Elf:1    | Paralysed by an air elemental for 1 turns
 46794 | Elf:1    | Found Zepreub's Antique Weapon Boutique.
 47191 | Elf:1    | Paralysed by an air elemental for 1 turns
 47609 | Elf:2    | Found Pailotte's Magic Scroll Shoppe.
 47618 | Elf:2    | Bought a scroll of teleportation for 39 gold pieces
 47618 | Elf:2    | Bought a scroll of enchant armour for 97 gold pieces
 47758 | Elf:2    | Found a runed translucent gate.
 47759 | Elf:2    | Found a runed translucent gate.
 47759 | Elf:2    | Found a runed translucent gate.
 47907 | Elf:2    | Reached skill level 5 in Armour
 47923 | Elf:2    | Reached skill level 24 in Fighting
 48135 | Elf:2    | Noticed Donald
 48143 | Elf:2    | Killed Donald
 48501 | Elf:3    | Entered Level 3 of the Elven Halls
 48969 | Elf:3    | Reached XP level 24. HP: 119/180 MP: 0/0
 49116 | Elf:3    | Identified the +9 glaive "Qaschil" {protect, Fly Dex+4}
 49187 | Elf:3    | Found the +18 Lear's hauberk
 49229 | Elf:3    | Identified the staff "Iguzat" {Fragile rPois Will++ Str+4
                  | Fire Poison}
 49232 | Elf:3    | Identified the +5 ring mail "Plog" {rF+ rN+ Int-2}
 49246 | Elf:3    | Identified the +11 longbow of the Moth {drain, rElec Will+
                  | Str-5}
 49265 | Elf:3    | Identified the +8 lajatang of the Badger {drain, Will-
                  | Int+6}
 49301 | Elf:3    | Identified the +2 leather armour of the Tundras {Str-5
                  | Int+5}
 49571 | Elf:3    | Identified the +6 sling of the Blind Eye {drain, Dex+4
                  | SInv}
 50254 | Crypt:1  | Entered Level 1 of the Crypt
 50429 | Crypt:1  | Noticed Saint Roka
 50439 | Crypt:1  | Killed Saint Roka
 51195 | Crypt:1  | Identified the ring "Rorebbem" {rN+ rCorr Str+3 Dex+3 SInv}
 51761 | Crypt:2  | Identified the ring of Utaczeixt {Ice Fly rElec Stlth-}
 52001 | Crypt:2  | Reached skill level 25 in Fighting
 52830 | Crypt:3  | Entered Level 3 of the Crypt
 52915 | Crypt:3  | Reached XP level 25. HP: 36/187 MP: 0/0
 52915 | Crypt:3  | Learned a level 8 spell: Disjunction
 54211 | Crypt:3  | Noticed a dread lich
 54225 | Crypt:3  | Killed a dread lich
 54398 | Crypt:3  | Found a shimmering altar of Xom.
 54753 | Crypt:3  | Found a staircase to the Tomb.
 55470 | Depths:1 | Entered Level 1 of the Depths
 55510 | Depths:1 | Found Gozag's Antique Weapon Shop.
 55534 | Depths:1 | Noticed Asterion
 55544 | Depths:1 | Killed Asterion
 55722 | Depths:1 | Found an opulent altar of Gozag.
 55727 | Depths:1 | Found Gozag's Antique Weapon Shop.
 55730 | Depths:1 | Found Gozag's Antique Weapon Boutique.
 55731 | Depths:1 | Found a gateway to Hell.
 55742 | Depths:1 | Noticed Sojobo
 55754 | Depths:1 | Paralysed by an air elemental for 1 turns
 55762 | Depths:1 | Killed Sojobo
 55929 | Depths:1 | Found Bamux's Fire Supplies.
 55989 | Depths:1 | Found a one-way gateway to a ziggurat.
 56013 | Depths:1 | Found a broken altar of Ashenzari.
 56677 | Depths:2 | Found the +3 robe of Clouds {*Thunder rCloud rElec}
 57201 | Depths:2 | Found a one-way gate leading to the halls of Pandemonium.
 57252 | Depths:2 | Reached XP level 26. HP: 185/195 MP: 0/0
 57413 | Depths:2 | Identified the +1 chain mail of Gravity {rF+ Dex+2}
 57993 | Depths:3 | Reached skill level 26 in Fighting
 58145 | Depths:3 | You are sucked into a shaft and drop 1 floor!
 58145 | Depths:4 | Entered Level 4 of the Depths
 58462 | Depths:4 | Found a portal to a secret trove of treasure.
 58504 | Depths:4 | Noticed a juggernaut
 58514 | Depths:4 | Killed a juggernaut
 58701 | Depths:4 | Found a transporter.
 58701 | Depths:4 | Found a transporter.
 58701 | Depths:4 | Identified the +10 quarterstaff "Sarcophage" {distort,
                  | Int+2 Dex+4}
 58851 | Depths:4 | Noticed a juggernaut
 58855 | Depths:4 | Noticed Qiwept's ghost (veteran BaIE)
 59208 | Depths:3 | HP: 7/196 [acid (11)]
 59213 | Depths:3 | Killed from afar by a blizzard demon

Illustrated notes

Levels and vault maps discovered:
D:1:      matt_arrival_spirals, layout_basic, fountainhead
D:2:      layout_rooms, shapermc_ecumenical_altar_mp_ritualfount
D:3:      layout_basic, mainiacjoe_overflow_surrounded_room
D:4:      layout_basic, portal_sewer_entry_a, uniq_robin, uniq_blork_the_orc
D:5:      layout_rooms, temple_fountains, st_stairs_14
D:6:      layout_basic
D:7:      layout_basic, serial_shops, kennysheep_mini_moat
D:8:      layout_basic, regret_index_temple_of_mockery, minmay_lair_entry_grove
D:9:      layout_loops_ring, lightli_bailey_entry_fortress,
          ebering_ghost_reflecting_pool, special_room [special_room_orc],
          kennysheep_generic_room_9
D:10:     layout_small_grid, overflow_temple_1_default, okawaru_trees_1,
          old_standard_altar, roderic_filled_cross
D:11:     cheibrodos_frozen_isle, layout_loops_ring
D:12:     layout_stronghold, orc_0_dummy, dilly_guarded_unrand_devastator
D:13:     dragon1_lemuel, layout_cave_pools, grunt_qazlal_clouds, uniq_azrael
D:14:     layout_loops_ring, hellmonk_vaults_order_and_chaos,
          nemelex_spade_bored_becter, nicolae_concentric_dashed_squares_wild,
          minmay_misc_feat_rows, drop_trap, minivault_15,
          minmay_variable_closet, uniq_josephine, uniq_roxanne
D:15:     gammafunk_enter_depths_forms, layout_rooms, uniq_louise
Temple:   lightli_temple_of_artemis
Lair:1:   layout_hall_layers, chequers_serial_rivers_large_b,
          infiniplex_staircase_pool, grunt_megastairs_3
Lair:2:   layout_cave_shapes, dummy_spider_entry
Lair:3:   layout_chaotic_city, minmay_swamp_entry_reptiles, lemuel_fruit_tree,
          serial_bayou_shore_b, infiniplex_staircase_pool_2, uniq_amaemon
Lair:4:   layout_loops_ring, portal_ice_cave_entry_imps, gauntlet_entry_generic,
          grunt_megastairs_1, serial_bayou_shore_b, serial_bayou_shore_a,
          uniq_nessos, uniq_snorg
Lair:5:   hellmonk_lair_end_abyssal_woods, layout_small_grid,
          dpeg_slime_entry_corner, grunt_megastairs_4
Swamp:1:  layout_falls_marsh, nicolae_swamp_godswood, swamp_pool1
Swamp:2:  layout_basic_swamp, hangedman_swamp_ruin_wall, uniq_mlioglotl
Swamp:3:  layout_falls_marsh, nicolae_swamp_rocky_clearing
Swamp:4:  swamp_basic_johnstein, layout_basic_swamp
Spider:1: layout_spider_delve, nicolae_looking_at_the_future, uniq_nikola
Spider:2: layout_cave_pods
Spider:3: layout_spider_delve
Spider:4: floodkiller_spider_rune_tomb
Orc:1:    layout_caves, serial_shops, nicolae_shop_just_a_little_nook
Orc:2:    grunt_orc_community_town_hall, layout_caves,
          grunt_orc_community_big_house_2, grunt_orc_community_big_house_1,
          grunt_orc_community_house_2, grunt_orc_community_house_1,
          grunt_orc_community_house_2, grunt_orc_community_house_1
Elf:1:    minmay_elf_arrival_summoners, layout_gridlike, serial_shops,
          nicolae_shop_peninsula, hangedman_elf_disciples
Elf:2:    nicolae_elf_blades_crystal_corner, layout_gridlike, serial_shops,
          shop, uniq_donald
Elf:3:    minmay_elf_hall_x, layout_geoelf_grid
Vaults:1: vaults_room_semicircle, v_rooms_3, st_star, hangedman_vaults_unwind,
          nicolae_vaults_house_2, v_misc_27, nicolae_vaults_more_shelving_2,
          nicolae_vaults_network_star, v_misc_5, vaults_room_hallway, v_misc_8,
          vaults_room_large_hall, ontoclasm_vaults_decontamination,
          layout_vaults_omnibox, serial_shops, nicolae_shop_industrial_runoff
Vaults:2: v_alt_pattern_1, vaults_room_semicircle,
          nicolae_vaults_little_squares_3, ontoclasm_vaults_loading_screen,
          nicolae_vaults_octothorpe, ontoclasm_vaults_eye, grunt_vaults_focal,
          nicolae_vaults_border_crossing, st_lattice, layout_vaults_omnigrid,
          serial_shops, shop
Vaults:3: nicolae_vaults_closet_pinwheel_4, nicolae_vaults_octothorpe,
          minmay_crypt_entry_vampire_xt, nicolae_vaults_shrinking_rooms_2,
          grunt_vaults_bifocal, vaults_room_semicircle, hangedman_vaults_corner,
          ontoclasm_vaults_twist, nicolae_vaults_tangram_2,
          dpeg_vaults_monster_box, ontoclasm_vaults_chip,
          layout_vaults_chaotic_city
Vaults:4: nicolae_vaults_double_plus_2, v_misc_17, hangedman_vaults_river_flow,
          special_room_vaults [special_room_orc], nicolae_vaults_apartment_2,
          nicolae_vaults_double_plus_3, v_alt_pattern_4, vaults_dpeg_doors,
          ontoclasm_vaults_chip, nicolae_vaults_three_branches,
          nicolae_vaults_heart-shaped_vault, nicolae_vaults_heart-shaped_vault,
          vaults_standard_mumra_x, nicolae_vaults_tetromino_Z_1,
          layout_vaults_ring, serial_shops, nicolae_shop_drivethru,
          uniq_margery, uniq_jory
Crypt:1:  layout_chaotic_city, skrybe_necro_troll_2, grunt_crypt_arrival_split,
          uniq_saint_roka
Crypt:2:  layout_misc_corridors, nicolae_nh_vlads_tower
Crypt:3:  cryptofortress_bobbens, uniq_josephina
Depths:1: kennysheep_gozag_temple, layout_long_grid, enter_ziggurat_c,
          hell_entry, ashenzari_altar_1, nicolae_shop_fire_sale
          [nicolae_sub_dead_trees], kennysheep_generic_room_6, uniq_asterion,
          uniq_sojobo
Depths:2: kb_forest_paths, layout_cave_shapes, hell_entry, pan_entry,
          nicolae_houndstooth_variations
Depths:3: minmay_glassy_protrusions, layout_gridville, abyss_entry,
          serial_sigils, serial_sigils_hangedman_shear,
          serial_sigils_hangedman_writhe, serial_sigils_hangedman_confine,
          serial_sigils_hangedman_clutch, hangedman_coc_ice_floe,
          nicolae_elevator_lobby_plus, infiniplex_staircase_pillars_2
Depths:4: grunt_crosshair, layout_gridlike, grunt_mini_vestibule,
          gammafunk_ghost_wrathful_warriors, nicolae_trove_entry_crossroad,
          abyss_entry

Skill      XL: |  1  2  3  4  5  6  7  8  9 10 11 12 13 14 15 16 17 18 19 20 21 22 23 24 25 26 |
---------------+-------------------------------------------------------------------------------+-----
Spellcasting   | 1 2 3 4 6 7 8 9 10 11 12 13 14 15 16 17 18 19 20 | 20.3
Conjurations   | 1 2 3 4 6 7 8 9 10 11 12 13 14 15 16 17 18 19 20 | 20.3
Hexes          | 1 2 3 4 6 7 8 9 10 11 12 13 14 15 16 17 18 19 20 | 20.3
Summonings     | 1 2 3 4 6 7 8 9 10 11 12 13 14 15 16 17 18 19 20 | 20.3
Necromancy     | 1 2 3 4 6 7 8 9 10 11 12 13 14 15 16 17 18 19 20 | 20.3
Translocations | 1 2 3 4 6 7 8 9 10 11 12 13 14 15 16 17 18 19 20 | 20.3
Transmutations | 1 2 3 4 6 7 8 9 10 11 12 13 14 15 16 17 18 19 20 | 20.3
Fire Magic     | 1 2 3 4 6 7 8 9 10 11 12 13 14 15 16 17 18 19 20 | 20.3
Ice Magic      | 1 2 3 4 6 7 8 9 10 11 12 13 14 15 16 17 18 19 20 | 20.3
Air Magic      | 1 2 3 4 6 7 8 9 10 11 12 13 14 15 16 17 18 19 20 | 20.3
Earth Magic    | 1 2 3 4 6 7 8 9 10 11 12 13 14 15 16 17 18 19 20 | 20.3
Poison Magic   | 1 2 3 4 6 7 8 9 10 11 12 13 14 15 16 17 18 19 20 | 20.3
Fighting       | 4 5 6 7 9 11 12 13 15 17 19 20 21 22 23 24 25 26 | 26.3
Shields        | 2 4 5 6 9 10 | 10.0
Dodging        | 6 8 9 10 12 13 15 16 17 19 20 21 22 23 | 23.1
Armour         | 2 5 |  5.0
Long Blades    | |  2.6

Action                     |  1- 3 |  4- 6 |  7- 9 | 10-12 | 13-15 | 16-18 | 19-21 | 22-24 | 25-27 || total
---------------------------+-------+-------+-------+-------+-------+-------+-------+-------+-------++-------
  Melee: Falchion          |   116 |   182 |   388 |   299 |    52 |       |       |       |       ||  1037
         Punch             |       |     2 |       |       |       |       |       |       |       ||     2
         Whip              |       |       |     6 |       |       |   108 |       |       |       ||   114
         Mace              |       |       |       |       |     7 |       |       |       |       ||     7
         Shillelagh        |       |       |       |       |     6 |    20 |       |       |       ||    26
         Long sword        |       |       |       |       |       |    38 |    88 |    90 |    38 ||   254
   Cast: Kiss of Death     |       |     6 |     3 |       |       |       |       |       |       ||     9
         Static Discharge  |       |       |     1 |       |       |       |       |       |       ||     1
         Olgreb's Toxic Ra |       |       |     1 |     2 |       |     1 |       |       |       ||     4
         Jinxbite          |       |       |       |     3 |       |     2 |       |       |       ||     5
         Fireball          |       |       |       |       |   339 |   557 |   469 |   499 |   214 ||  2078
         Conjure Ball Ligh |       |       |       |       |    18 |    21 |       |       |       ||    39
         Haunt             |       |       |       |       |       |    69 |    86 |    33 |     6 ||   194
         Spellforged Servi |       |       |       |       |       |       |     9 |     3 |     1 ||    13
         Summon Hydra      |       |       |       |       |       |       |    30 |    78 |    46 ||   154
         Ozocubu's Refrige |       |       |       |       |       |       |       |    79 |   174 ||   253
 Invoke: Recall Ancestor   |       |       |       |       |     4 |    10 |     5 |     3 |     4 ||    26
         Ancestor Life: Kn |       |       |       |       |     1 |       |       |       |       ||     1
  Evoke: Wand              |       |       |     5 |     2 |     6 |       |       |       |       ||    13
    Use: Scroll            |       |     6 |     5 |     9 |     4 |     8 |     3 |       |     3 ||    38
         Potion            |       |       |       |     6 |     1 |     3 |     1 |     1 |       ||    12
   Stab: Confused          |       |     1 |       |     2 |       |       |       |       |       ||     3
         Distracted        |       |     1 |       |       |       |       |     3 |     2 |     1 ||     7
         Sleeping          |       |     1 |       |       |       |       |     1 |       |       ||     2
         Petrified         |       |       |     1 |     1 |       |       |       |       |       ||     2
         Petrifying        |       |       |     1 |       |       |       |       |       |       ||     1
         Invisible         |       |       |       |       |     2 |       |       |       |       ||     2
 Armour: Leather armour    |    82 |   119 |   293 |   270 |       |       |       |       |       ||   764
         Skin              |       |       |       |    50 |       |       |       |       |       ||    50
         Troll leather arm |       |       |       |       |    57 |   277 |   253 |   129 |    87 ||   803
  Dodge: Dodged            |    69 |   136 |   241 |   189 |    64 |   385 |   342 |   173 |   142 ||  1741
  Block: Buckler           |       |       |    78 |   114 |    21 |   100 |   122 |       |       ||   435
         Kite shield       |       |       |       |       |       |       |    13 |    98 |    69 ||   180

Table legend: (Time is in decaauts)
 A = Elapsed time spent in this place.
 B = Non-inter-level travel time spent in this place.
 C = Inter-level travel time spent in this place.
 D = Time resting spent in this place.
 E = Time spent auto-exploring this place.
 F = Levels seen in this place.
 G = Mean time per level.
                   A        B        C        D        E       F      G
               +--------+--------+--------+--------+--------+-----+--------+
         Total |  59662 |  56103 |   3559 |  12900 |  31476 |  49 | 1217.6 |
       Dungeon |  17494 |  16068 |   1426 |   3501 |   9173 |  15 | 1166.3 |
        Temple |     33 |     16 |     17 |      0 |      0 |   1 |   33.0 |
          Lair |   6725 |   6263 |    462 |   1219 |   4013 |   5 | 1345.0 |
         Swamp |   3500 |   3340 |    160 |   1115 |   1659 |   4 |  875.0 |
   Spider Nest |   8022 |   7715 |    307 |   4084 |   2071 |   4 | 2005.5 |
  Orcish Mines |   1943 |   1678 |    265 |    392 |    962 |   2 |  971.5 |
   Elven Halls |   3516 |   3350 |    166 |    165 |   2525 |   3 | 1172.0 |
        Vaults |   7636 |   7067 |    569 |    696 |   5042 |   4 | 1909.0 |
         Crypt |   5030 |   4927 |    103 |   1081 |   2716 |   3 | 1676.7 |
        Depths |   3749 |   3669 |     80 |    547 |   2349 |   4 |  937.2 |
         Sewer |    969 |    969 |      0 |     78 |    598 |   1 |  969.0 |
        Bailey |    487 |    487 |      0 |     10 |    201 |   1 |  487.0 |
      Ice Cave |    139 |    139 |      0 |      0 |      0 |   1 |  139.0 |
      Gauntlet |    411 |    411 |      0 |     12 |    167 |   1 |  411.0 |
               +--------+--------+--------+--------+--------+-----+--------+

Top non-repeatable levels by time:
Spider:2: 3379 daAuts
Vaults:3: 2480 daAuts
     D:7: 2001 daAuts
Vaults:1: 1998 daAuts
 Crypt:2: 1957 daAuts
  Lair:3: 1860 daAuts
Spider:4: 1844 daAuts
 Crypt:3: 1831 daAuts
    D:14: 1809 daAuts
Spider:3: 1785 daAuts
  Lair:5: 1711 daAuts
     D:3: 1689 daAuts
Vaults:2: 1640 daAuts
     D:4: 1546 daAuts
Vaults:4: 1517 daAuts
